 Dungeon Crawl Stone Soup version 0.28.0-45-g0d030f2227 (webtiles) character file.

Game seed: 5617268428266897498

24 101zpm the Gusty (level 3, 0/25 HPs)
             Began as a Gnoll Air Elementalist on Apr 23, 2022.
             Succumbed to an adder's poison
             ... on level 2 of the Dungeon.
             The game lasted 00:03:27 (1216 turns).

101zpm the Gusty (Gnoll Air Elementalist)           Turns: 1216, Time: 00:03:27

Health: 0/25       AC:  2    Str:  7    XL:     3   Next: 2%
Magic:  1/9        EV: 13    Int: 16    God:
Gold:   43         SH:  0    Dex: 12    Spells: 10/11 levels left

rFire   . . .      SeeInvis .   (no weapon)
rCold   . . .      Faith    .   (no shield)
rNeg    . . .      Spirit   .   a - +0 robe
rPois   .          Reflect  .   (no helmet)
rElec   .          Harm     .   (no cloak)
rCorr   .          Rampage  .   (no gloves)
Will    .....                   (no boots)
Stlth   ++........              (no amulet)
HPRegen 0.08/turn               (no ring)
MPRegen 0.11/turn               (no ring)

@: lethally poisoned (0 -> -6)
A: fangs 1, strong nose, distributed training
a: no special abilities


You were on level 2 of the Dungeon.
You visited 1 branch of the dungeon, and saw 2 of its levels.

You collected 43 gold pieces.

Inventory:

Armour
 a - a +0 robe (worn)
Scrolls
 c - a scroll of teleportation {unknown}
 d - a scroll of magic mapping {unknown}
 g - 2 scrolls of identify {unknown}
 h - a scroll of summoning {unknown}
Potions
 b - a potion of lignification {unknown}
 e - a potion of flight {unknown}
 f - a potion of resistance {unknown}


   Skills:
 + Level 0.5 Fighting
 + Level 0.5 Short Blades
 + Level 0.5 Long Blades
 + Level 0.5 Axes
 + Level 0.5 Maces & Flails
 + Level 0.5 Polearms
 + Level 0.5 Staves
 + Level 0.5 Slings
 + Level 0.5 Bows
 + Level 0.5 Crossbows
 + Level 0.5 Throwing
 + Level 0.5 Armour
 + Level 4.5 Dodging
 + Level 4.1 Stealth
 + Level 0.5 Shields
 + Level 0.5 Unarmed Combat
 + Level 4.9 Spellcasting
 + Level 2.0 Conjurations
 + Level 0.4 Hexes
 + Level 0.4 Summonings
 + Level 0.4 Necromancy
 + Level 0.4 Translocations
 + Level 0.4 Transmutations
 + Level 0.4 Fire Magic
 + Level 0.4 Ice Magic
 + Level 5.4 Air Magic
 + Level 0.4 Earth Magic
 + Level 0.4 Poison Magic
 + Level 0.7 Invocations
 + Level 0.5 Evocations


You had 10 spell levels left.
You knew the following spells:

 Your Spells              Type           Power      Damage    Failure   Level
a - Shock                 Conj/Air       60%        1d6       3%          1

Your spell library contained the following spells:

 Spells                   Type           Power      Damage    Failure   Level
 Static Discharge         Conj/Air       15%        N/A       4%          2
 Swiftness                Air            21%        N/A       4%          3
 Airstrike                Air            10%        N/A       17%         4
 Blink                    Tloc           10%        N/A       21%         2
 Lesser Beckoning         Tloc           5%         N/A       36%         3
 Manifold Assault         Tloc           5%         N/A       98%         5


Dungeon Overview and Level Annotations

Branches:
Dungeon (2/15)

Altars:


Innate Abilities, Weirdness & Mutations

You have very sharp teeth.
Your uncanny sense of smell can sniff out nearby items.
Your experience applies equally to all skills.


Message History

The adder is almost dead.
The adder closely misses you. x2
Aiming: Shock (safe; 3% risk of failure)
Press: ? - help, Q - select action Shift-Dir - straight line, f/p - adder
Aim: an adder (almost dead, 53% to hit)
The zap hits the adder.
The adder is almost dead.
The adder closely misses you.
An adder is nearby!
Aiming: Shock (safe; 3% risk of failure)
Press: ? - help, Q - select action Shift-Dir - straight line, f/p - adder
Aim: an adder (almost dead, 53% to hit)
The zap misses the adder.
The adder bites you.
You are poisoned.
The adder poisons you!
You don't have enough magic to cast this spell.
You don't have enough magic to cast this spell.
You closely miss the adder.
The adder is almost dead.
You feel sick. The adder closely misses you. The adder bites you.
You don't have enough magic to cast this spell.
You feel sick.
You feel sick.
You feel sick. The adder closely misses you.
You feel sick.
You are no longer poisoned.
You closely miss the adder.
The adder is almost dead.
The adder bites you.
* * * LOW HITPOINT WARNING * * *
You barely miss the adder.
The adder is almost dead.
The adder bites you but does no damage. The adder bites you.
* * * LOW HITPOINT WARNING * * *
You are lethally poisoned!
The adder poisons you!
You don't have enough magic to cast this spell.
You don't have enough magic to cast this spell.
You die...

#####.#.#.#
.>#<.#.#.#
#...#.#.#
#...#.#.##
#........#
#.>.....##
####.....#S#
.........#.#
####..#..#@#
........#.#
.....##..#.#
<.. ......
.. ...### .
###.# ..


You could see an adder.

Vanquished Creatures
  An endoplasm (D:1)
  4 giant cockroaches (D:1)
  A goblin (D:1)
  2 hobgoblins (D:1)
  A jackal (D:1)
  A quokka (D:1)
  A ball python (D:1)
  4 bats (D:1)
  4 kobolds (D:1)
  4 rats (D:1)
23 creatures vanquished.

Vanquished Creatures (others)
  2 plants (D:1)
2 creatures vanquished.

Grand Total: 25 creatures vanquished

Notes
Turn   | Place    | Note
-------+----------+-------------------------------------------
     0 | D:1      | 101zpm the Gnoll Air Elementalist began the quest for the
                  | Orb.
     0 | D:1      | Reached XP level 1. HP: 13/13 MP: 6/6
   159 | D:1      | Reached XP level 2. HP: 19/19 MP: 5/7
   774 | D:1      | Found a faded altar of an unknown god.
   922 | D:1      | Reached XP level 3. HP: 25/25 MP: 5/9
  1216 | D:2      | Succumbed to an adder's poison

Illustrated notes

Levels and vault maps discovered:
D:1:      lemuel_arrival_funnel, layout_basic,
          shapermc_ecumenical_altar_flowoftime, serial_forest,
          infiniplex_forest_zigzag_1, infiniplex_forest_zigzag_1,
          infiniplex_forest_clump_C, infiniplex_forest_clump_double,
          infiniplex_forest_end_2, infiniplex_forest_zigzag_2,
          infiniplex_forest_straight_4, minmay_hexomino_u4
D:2:      cheibrodos_pilgrimage, layout_basic, uniq_natasha

Skill      XL: |  1 |
---------------+----+-----
Conjurations   | 2 |  2.0
Fighting       | |  0.5
Short Blades   | |  0.5
Long Blades    | |  0.5
Axes           | |  0.5
Maces & Flails | |  0.5
Polearms       | |  0.5
Staves         | |  0.5
Slings         | |  0.5
Bows           | |  0.5
Crossbows      | |  0.5
Throwing       | |  0.5
Armour         | |  0.5
Dodging        | |  4.5
Stealth        | |  4.1
Shields        | |  0.5
Unarmed Combat | |  0.5
Spellcasting   | |  4.9
Hexes          | |  0.4
Summonings     | |  0.4
Necromancy     | |  0.4
Translocations | |  0.4
Transmutations | |  0.4
Fire Magic     | |  0.4
Ice Magic      | |  0.4
Air Magic      | |  5.4
Earth Magic    | |  0.4
Poison Magic   | |  0.4
Invocations    | |  0.7
Evocations     | |  0.5

Action                   || total
-------------------------++-------
Melee: Unarmed           ||     7
       Bite              ||     1
 Cast: Shock             ||    46
Armor: Robe              ||     4
Dodge: Dodged            ||    13
